Cogmind - Beta 13 @@@ ROGUE MODE // 2024.05.03 @ 17:34:57 Player: Fazzonamite Result: Destroyed by D-53 Grenadier with Mini Grenade Launcher Performance ------------- Evolutions (0) 0 Regions Visited (2) 400 Robots Destroyed (16) 80 Value Destroyed (366) 366 Prototype IDs (2) 40 Alien Tech Used (0) 0 Bonus (0) 0 TOTAL SCORE: 886 Bonus ------- None Cogmind --------- Core Integrity 0/250 Matter 300/300 Energy 125/125 System Corruption 0% Temperature Cool (0) Movement Walking (190) Ox1 Location -10/Mines Parts ------- > --- POWER (1) -------- Light Ion Engine > --- PROPULSION (2) --- Aluminum Leg Aluminum Leg > --- UTILITY (2) ------ Large Storage Unit Seismic Detector > --- WEAPON (2) ------- Rocket Launcher > --- INVENTORY (15) --- Light Nuclear Core Compact Wheel Medium Matter Pod (100) Structural Scanner Sensor Array Light Assault Rifle Mining Claw Peak State ------------ > --- POWER ------------ Light Ion Engine > --- PROPULSION ------- Aluminum Leg Aluminum Leg > --- UTILITY ---------- Large Storage Unit Seismic Detector > --- WEAPON ----------- Light Assault Rifle Rocket Launcher > --- INVENTORY -------- Light Nuclear Core Compact Wheel Medium Matter Pod Structural Scanner Sensor Array Rocket Launcher Mining Claw [Rating: 9] Favorites ----------- Power Light Ion Engine Engine Light Ion Engine Propulsion Aluminum Leg Leg Aluminum Leg Wheel Compact Wheel Utility Seismic Detector Device Seismic Detector Storage Large Storage Unit Weapon Rocket Launcher Energy Gun EM Pulse Gun Ballistic Gun Light Assault Rifle Launcher Rocket Launcher Slashing Weapon Mining Claw Build | -11 -10 -10 ------- Run | Yrd Mat Min Slots Evolved . | . . . Power . | . . . Propulsion . | . . . Utility . | . . . Weapon . | . . . Parts Attached 21 | 6 14 1 Power 2 | 1 1 . Engine 2 | 1 1 . Core . | . . . Reactor . | . . . Propulsion 4 | 2 2 . Treads . | . . . Leg 2 | . 2 . Wheel 2 | 2 . . Hover . | . . . Flight . | . . . Utility 3 | 1 2 . Device 1 | . 1 . Storage 2 | 1 1 . Processor . | . . . Hackware . | . . . Protection . | . . . Artifact . | . . . Weapon 12 | 2 9 1 Energy Gun 2 | 2 . . Energy Cannon . | . . . Ballistic Gun 5 | . 5 . Ballistic Cannon . | . . . Launcher 4 | . 3 1 Special Weapon . | . . . Impact Weapon . | . . . Slashing Weapon 1 | . 1 . Piercing Weapon . | . . . Special Melee Weapon . | . . . Unidentified Prototypes . | . . . Parts Lost 6 | . 5 1 Power 1 | . 1 . Propulsion 2 | . 2 . Utility . | . . . Weapon 3 | . 2 1 Highest Loss Streak 3 | . 3 1 To Critical Strikes . | . . . Average Slot Usage (%) 91 | . 86 100 Engine 13 | . 13 14 Leg 18 | . 11 28 Wheel 8 | . 13 . Device 9 | . 5 14 Storage 14 | . 14 14 Energy Gun 4 | . 8 . Ballistic Gun 11 | . 12 10 Launcher 10 | . 4 17 Naked Turns . | . . . Heaviest Build 32 | 14 29 32 Greatest Support 32 | 32 32 20 Greatest Overweight (x) 4 | . 4 1 Average Overweight (x) . | . . 1 Largest Inventory Capacity 15 | 8 15 15 Average Capacity 11 | 7 10 15 Most Carried 8 | 4 8 7 Average Carried 6 | 1 5 7 Final Capacity 15 | 8 15 15 Final Carried 7 | 1 7 7 Class Distribution -------------------- 100% | Mutant Dominant Class ---------------- Mutant | -10/Materials Mutant | -10/Mines Resources | -11 -10 -10 ----------- Run | Yrd Mat Min Matter Collected 685 | 253 378 54 Remotely . | . . . Salvage Created 529 | . 520 9 Parts 31 | . 31 . Haulers Intercepted . | . . . Recyclers Shooed . | . . . Parts Field Recycled . | . . . Retrieved Matter . | . . . Parts Self-Destructed . | . . . Prevented . | . . . Kills | -11 -10 -10 ------- Run | Yrd Mat Min Combat Hostiles Destroyed 12 | . 11 1 Guns 7 | . 7 . AOE 5 | . 4 1 Classes Destroyed 7 | . 6 1 Tunneler 1 | . 1 . Recycler 2 | . 2 . Operator 1 | . 1 . Watcher 1 | . 1 . Swarmer 3 | . 3 . Grunt 8 | . 8 . Assembled 1 | . . 1 Best Kill Streak 5 | . 5 1 Combat Bots Only 4 | . 4 1 Max Kills in Single Turn 2 | . 2 1 Gunslinging . | . . . Exploded 1 | . 1 1 Melee . | . . . Uniques/NPCs Destroyed . | . . . Combat | -11 -10 -10 -------- Run | Yrd Mat Min Hostile Shots Fired 86 | . 80 6 Missed 21 | . 21 . Damage Taken 898 | . 643 255 Core 250 | . 182 68 Absorbed by Shields . | . . . Core Remaining (%) 100 | 100 . . Volleys Fired 50 | . 47 3 Largest 2 | . 2 2 Hottest 66 | . 60 66 Shots Fired 79 | . 75 4 Gun 71 | . 71 . Cannon . | . . . Launcher 8 | . 4 4 Special . | . . . Kinetic 62 | . 62 . Thermal . | . . . Explosive 8 | . 4 4 Electromagnetic 9 | . 9 . Robot Hit Streak 9 | . 9 1 Robot Miss Streak 4 | . 4 3 Penetration Max . | . . . Secondary Targets . | . . . Shots Hit Robots 48 | . 47 1 Core Hits 26 | . 25 1 Critical Kills . | . . . Critical Parts Destroyed . | . . . Critical Strikes . | . . . Melee Attacks 1 | . 1 . Impact . | . . . Slashing 1 | . 1 . Piercing . | . . . Sneak Attacks 1 | . 1 . Combat Hostiles . | . . . Follow-up Attacks . | . . . Damage Inflicted 1113 | . 1070 43 Guns 498 | . 498 . Cannons . | . . . Explosions 560 | . 517 43 Melee 55 | . 55 . Ramming . | . . . Kinetic 403 | . 403 . Thermal . | . . . Explosive 560 | . 517 43 Electromagnetic 95 | . 95 . Impact . | . . . Slashing 55 | . 55 . Piercing . | . . . Highest Corruption . | . . . Average Corruption . | . . . Corruption Purged . | . . . Corruption Blocked . | . . . Overload Shots . | . . . Overflow Damage 43 | . 43 . Projectiles . | . . . Explosions 43 | . 43 . Melee . | . . . Knockbacks . | . . . Impact . | . . . Kinetic . | . . . Secondary . | . . . Self-Inflicted Damage 60 | . 13 47 Shots 2 | . 1 1 Rammed . | . . . Targets Rammed . | . . . Kicked . | . . . Crushed . | . . . Highest Temperature 42 | . 42 6 Average Temperature 15 | . 15 4 Received Heat Transfer 273 | . 273 . Siege Activations . | . . . Robots Corrupted . | . . . Combat Hostiles . | . . . Parts Fried . | . . . Impact Corruptions . | . . . Robots Melted . | . . . Combat Hostiles . | . . . Parts Melted . | . . . Heat Transferred . | . . . Parts Sabotaged . | . . . Parts Stolen . | . . . Parts Stripped . | . . . Power Chain Reactions . | . . . Alert | -11 -10 -10 ------- Run | Yrd Mat Min Peak Influence 306 | . 306 90 Initial 58 | . . 58 Average 90 | . 113 65 Maximum Alert Level 1 | . 1 . Low Security (%) 86 | 100 76 100 Level 1 13 | . 23 . Level 2 . | . . . Level 3 . | . . . Level 4 . | . . . Level 5 . | . . . High Security . | . . . Max Security . | . . . Squads Dispatched 2 | . 2 . Investigation . | . . . Extermination . | . . . Reinforcement 2 | . 2 . Assault . | . . . Garrison . | . . . Intercept . | . . . Searches Triggered . | . . . Construction Impeded . | . . . Haulers Reinforced . | . . . Active Scanning Responses . | . . . Cargo Convoy Interrupts . | . . . Stealth | -11 -10 -10 --------- Run | Yrd Mat Min Distress Signals 1 | . 1 . Communications Jammed . | . . . Distress Signals . | . . . Times Spotted 19 | . 16 3 Peak Tracking Total 5 | . 5 2 Tactical Retreats . | . . . Traps | -11 -10 -10 ------- Run | Yrd Mat Min Traps Triggered . | . . . Indirectly . | . . . Trap Hack Attempts . | . . . Triggered . | . . . Disarmed . | . . . Reprogrammed . | . . . Reused . | . . . Traps Extracted . | . . . Installed . | . . . Triggered . | . . . Machines | -11 -10 -10 ---------- Run | Yrd Mat Min Machines Disabled . | . . . Max in Single Turn . | . . . Machines Repaired . | . . . Machines Dismantled . | . . . Machines Sabotaged . | . . . Overloaded Fab Kills . | . . . Hacking | -11 -10 -10 --------- Run | Yrd Mat Min Machines Accessed 3 | . 3 . Terminals 3 | . 3 . Fabricators . | . . . Repair Stations . | . . . Recycling Units . | . . . Scanalyzers . | . . . Garrison Access . | . . . Total Hacks 6 | . 6 . Successful 4 | . 4 . Failed 2 | . 2 . Catastrophic . | . . . Database Lockouts . | . . . Manual . | . . . Terminals 6 | . 6 . Fabricators . | . . . Repair Stations . | . . . Recycling Units . | . . . Scanalyzers . | . . . Garrison Access . | . . . Terminal Hacks 4 | . 4 . Prototype ID Bank 1 | . 1 . Emergency Access Points 1 | . 1 . Dispatch Records 1 | . 1 . Zone Layout 1 | . 1 . Fabricator Hacks . | . . . Repair Station Hacks . | . . . Recycling Unit Hacks . | . . . Scanalyzer . | . . . Garrison Access Hacks . | . . . Unauthorized Hacks . | . . . Terminals . | . . . Fabricators . | . . . Repair Stations . | . . . Recycling Units . | . . . Scanalyzers . | . . . Garrison Access . | . . . Data Cores Recovered . | . . . Used . | . . . Hacking Detections 1 | . 1 . Full Trace Events . | . . . Feedback Events . | . . . Feedback Blocked . | . . . Robot Schematics Acquired . | . . . Robots Built . | . . . Authchips . | . . . Time . | . . . Total Robot Build Rating . | . . . Part Schematics Acquired . | . . . Parts Built . | . . . Authchips . | . . . Time . | . . . Total Part Build Rating . | . . . Parts Repaired . | . . . Time . | . . . Parts Recycled . | . . . Recycled Matter . | . . . Retrieved Matter . | . . . Retrieved Components . | . . . Parts Scanalyzed . | . . . Part Schematics Acquired . | . . . Parts Damaged . | . . . Bothacking | -11 -10 -10 ------------ Run | Yrd Mat Min Used RIF Installer . | . . . Robots Hacked . | . . . Non-combat . | . . . Combat . | . . . Robot Hacks Applied . | . . . Relay Couplers Released . | . . . Fabnet Peak Effective % . | . . . Robots Rewired . | . . . Allies Hacked . | . . . Hacks Repelled . | . . . Allies | -11 -10 -10 -------- Run | Yrd Mat Min Total Allies . | . . . Largest Group . | . . . Highest-Rated Group . | . . . Highest-Rated Ally . | . . . Total Orders . | . . . Ally Attacks . | . . . Total Damage . | . . . Kills . | . . . Allies Corrupted . | . . . Allies Melted . | . . . Intel | -11 -10 -10 ------- Run | Yrd Mat Min Robot Analysis Total . | . . . Derelict Logs Recovered . | . . . Drone Launches . | . . . Drone Recoveries . | . . . Exploration | -11 -10 -10 ------------- Run | Yrd Mat Min Turns Passed 952 | 40 538 374 Spaces Moved 493 | 31 275 187 Core 15 | 7 8 . Treads . | . . . Legs 289 | . 102 187 Wheels 189 | 24 165 . Hover . | . . . Flight . | . . . Fastest Speed 50 | 50 100 190 Average Speed 148 | 88 126 190 Slowest Speed 250 | 100 250 190 Overloaded Moves . | . . . Propulsion Burnouts . | . . . Robots Hopped . | . . . Cave-ins Triggered . | . . . Exploration Rate (%) 34 | 3 48 51 Regions Visited 2 Branch Regions 1 Pre-discovered Areas . | . . . Known Exits Taken . | . . . Unknown Exits Taken 2 | 1 1 . Scrap Searched . | . . . Spaces Dug . | . . . Terrain Destroyed 72 | . 33 39 Melee . | . . . Projectile . | . . . AOE 72 | . 33 39 Terrain Rammed . | . . . Walls Destroyed . | . . . Machines Disabled . | . . . Actions | -11 -10 -10 --------- Run | Yrd Mat Min Total 639 | 43 394 202 Wait 51 | . 40 11 Move 491 | 30 274 187 Hop . | . . . Pick Up 21 | 7 14 . Fast Attach 1 | . 1 . Attach 13 | 6 7 . Detach 1 | . 1 . Swap 7 | . 6 1 Drop 3 | . 3 . Fire 50 | . 47 3 Melee 1 | . 1 . Ram . | . . . Kick . | . . . Crush . | . . . Escape Stasis . | . . . Rewire . | . . . Trap . | . . . Miscellaneous . | . . . Route ------- -11/Scrapyard -10/Materials (discovered 2 exits: [*Min x2]) -10/Mines (discovered 1 exit: [*Mat]) History --------- Turn | Location | Event 22 | -11/Scrapyard | Discovered new exit (range 15) 41 | -11/Scrapyard | Entered Materials 41 | -10/Materials | Discovered new exit (range 14) 156 | -10/Materials | Discovered new exit (range 16) 331 | -10/Materials | Build established: Mutant 334 | -10/Materials | Lost 3 parts (2n1w) 340 | -10/Materials | Core integrity fell below 50% 579 | -10/Materials | Entered Mines 657 | -10/Mines | Met a Derelict bent on vengeance 833 | -10/Mines | Assembled infested the area 860 | -10/Mines | Core integrity fell below 20% 939 | -10/Mines | Discovered new exit (range 12) 953 | -10/Mines | Destroyed by D-53 Grenadier with Mini Grenade Launcher Last Messages --------------- GOAL=ESCAPE 00709_ K-01 Serf cleans the Seismic Survey Station. 00736_ K-01 Serf collects debris. 00833_ ALERT: Infestation in the mines, dispatching Demolisher response squad. 00834_ K-01 Serf collects debris. 00862_ as-89871 destroyed. 00864_ K-01 Serf collects debris. 00873_ The unstable cave ceiling collapses. 00905_ U-05 Engineer lays Concrete. 00911_ U-05 Engineer builds a Wall. 00914_ U-05 Engineer lays Concrete. 00917_ U-05 Engineer builds a Wall. 00926_ Acquired 14 matter. 00928_ Acquired 40 matter. 00930_ U-05 Engineer builds a Wall. 00939_ EXIT=FOUND 00942_ K-01 Serf collects debris. 00953_ Rocket Launcher destroyed. Map ----- +----------------------------------------------------+ | ?????????????????????????????????????????????????? | | ?????????????????????????????????????????????????? | | ?????????????????????????????????????????????????? | | ?????????????????????????????????????????????????? | | ?????????????????????????????????????????????????? | | ?????????????????????????????????????????????????? | | ?????????????????????????????????????????????????? | | ?????????????????????????????????????????????????? | | ?????????????????????????????????????????????????? | | ?????????????????????????????????????????????????? | | ?????????????????????????????????????????????????? | | ?????????????????? ###??????????????????????????? | | ???????????????? ??????????????????????????? | | ?????????????? ?????????????????????????? | | ??????????????# ?????????????????????????? | | ?????????????## ?????????????????????????? | | ?????????????# ?????????????????????????? | | ????????????# ?????????????????????????? | | ???????????? dd #????????????????????????? | | ????????????? ###?????????????????????? | | ??????????????? ##????????????????????? | | ????????????????? ### ?????????????????? | | ???????????????????# # #??????##????????? | | ?????????????#??????# #? ???? ?#???????? | | ????????????## ##??# #? ???? ?#??????? | | ????????????# ## @ ##?####?? ? ####???? | | ????????????# #?# ?? ? % ????? | | ?????????????# ##?# #?? # ?????### | | ????####?????##### ###### ### #??????## | | ???## ##????????## k ##???#??## | | ??## ##????????## "% #???# ## | | ??# ##????????# ##### # ###????? | | ??# ##???????# #???### #???????## # | | ?## #?????# ##?????# #???????# | | ## #????# #??????# #???????## | | # #????# #??????# #??????## | | ### #???# #???????# #??????# | | #####?### #???# #????????# #??????## | | ##???????# #???## ?????????# #??##### | | ?????????# #????## ?????????# #### # | | ???####### #?????### ?????????# # | | ???# #???????##